 Seeded DCSS version 0.29.1-2-gbd0b4ee654 (webtiles) character file.

Game seed: 20221025 (custom seed)

140 Nerdsrcool the Conjurer (level 5, -1/38 HPs)
             Began as a Draconian Conjurer on Oct 25, 2022.
             Slain by an orc wizard
             ... wielding a +0 dagger
              (4 damage)
             ... on level 4 of the Dungeon.
             The game lasted 00:11:44 (3887 turns).

Nerdsrcool the Conjurer (Draconian Conjurer)        Turns: 3887, Time: 00:11:44

Health: -1/38      AC:  9    Str: 10      XL:     5   Next: 2%
Magic:  12/19      EV: 11    Int: 22 (25) God:
Gold:   187        SH:  5    Dex:  7 (9)  Spells: 8/9 levels left

rFire   . . .      SeeInvis .   i - +0 dagger
rCold   . . .      Faith    .   (no shield)
rNeg    . . .      Spirit   .   (body armour unavailable)
rPois   .          Reflect  +   d - +3 hat of Pondering {ponderous, Will+ MP+10 Int+5}
rElec   .          Harm     .   (no cloak)
rCorr   .          Rampage  .   (no gloves)
Will    +....                   l - +0 pair of boots
Stlth   ++........              g - amulet of reflection
HPRegen 0.12/turn               (no ring)
MPRegen 0.16/turn               (no ring)

@: about to teleport, flying, slow
A: AC +5, unfitting armour, cold-blooded
a: no special abilities


You were on level 4 of the Dungeon.
You visited 1 branch of the dungeon, and saw 4 of its levels.

You collected 187 gold pieces.

Inventory:

Hand Weapons
 i - a +0 dagger (weapon)
Armour
 d - the +3 hat of Pondering (worn) {ponderous, Will+ MP+10 Int+5}
   (You found it on level 2 of the Dungeon)

   Int:       It affects your intelligence (+5).
   MP:        It affects your magic capacity (+10).
   Will:      It increases your willpower.
 l - a +0 pair of boots (worn)
Jewellery
 g - an amulet of reflection (around neck)
Wands
 r - a wand of roots (1)
Scrolls
 c - 4 scrolls of amnesia
 e - a scroll of acquirement {unknown}
 k - a scroll of brand weapon
 n - a scroll of vulnerability
 o - 2 scrolls of poison {unknown}
Potions
 a - a potion of magic
 b - 4 potions of degeneration
 f - a potion of berserk rage
 p - 2 potions of flight
 q - a potion of curing {unknown}


   Skills:
 + Level 0.1 Fighting
 + Level 0.8 Short Blades
 + Level 2.1 Dodging
 + Level 2.4 Stealth
 + Level 0.2 Unarmed Combat
 + Level 2.9 Spellcasting
 + Level 5.1 Conjurations


You had 8 spell levels left.
You knew the following spells:

 Your Spells              Type           Power      Damage    Failure   Level
a - Magic Dart            Conj           100%       1d8       1%          1

Your spell library contained the following spells:

 Spells                   Type           Power      Damage    Failure   Level
 Searing Ray              Conj           52%        2d6       2%          2
 Necrotise                Necr           12%        1d4       13%         1
 Dazzling Flash           Conj/Hex       28%        N/A       13%         3
 Mephitic Cloud           Conj/Pois/Air  10%        N/A       19%         3
 Gell's Gravitas          Tloc           3%         N/A       36%         3
 Ignite Poison            Fire/Tmut/Pois 3%         N/A       36%         3
 Lesser Beckoning         Tloc           3%         N/A       36%         3
 Teleport Other           Tloc           3%         N/A       36%         3
 Vampiric Draining        Necr           3%         2d6       36%         3
 Fulminant Prism          Conj/Hex       7%         3d7       41%         4
 Iskenderun's Mystic Bla  Conj/Tloc      14%        2d5       41%         4
 Freezing Cloud           Conj/Ice/Air   5%         6-21      86%         5
 Agony                    Necr           3%         N/A       98%         5


Dungeon Overview and Level Annotations

Branches:
Dungeon (4/15)
 Temple: D:4-7

Altars:
Gozag


Innate Abilities, Weirdness & Mutations

Your plain brown scales are hard. (AC +5)
You cannot fit into any form of body armour.
You are cold-blooded and may be slowed by cold attacks.


Message History

Something barely misses your giant cockroach.
You are too injured to fight recklessly!
Aiming: Magic Dart (safe; 1% risk of failure)
Press: ? - help, Q - select action, (/) - cycle Shift-Dir - straight line, f - orc priest
Aim: an orc priest, wielding a +0 dagger and wearing a +0 leather armour (severely wounded, ally target, 100% to hit)
Really fire in your goblin's direction?
Okay, then.
It was a potion of flight.
You feel very buoyant.
You fly up into the air.
Your goblin hits the orc priest with a +0 dagger.
Your giant cockroach misses the orc priest.
The orc priest looks braver for a moment.
Your goblin hits the orc priest but does no damage.
Your giant cockroach barely misses the orc priest.
Something hits your giant cockroach.
The orc priest hits something with a +0 dagger.
Found a stone staircase leading down.
Your giant cockroach completely misses the orc priest.
The orc priest hits your giant cockroach with a +0 dagger.
Your giant cockroach dies!
Your giant cockroach's corpse dissolves into shadows!
The orc priest shouts!
You are too injured to fight recklessly!
Aiming: Magic Dart (safe; 1% risk of failure)
Press: ? - help, Q - select action, (/) - cycle Shift-Dir - straight line, f/p - orc priest
Aim: an orc priest, wielding a +0 dagger and wearing a +0 leather armour (severely wounded, 100% to hit)
The magic dart hits the orc priest!
You kill the orc priest!
You feel your dexterity returning.
You have reached level 5!
An orc comes into view. It is wielding a +0 trident.
Something hits you but does no damage. Something hits you.
* * * LOW HITPOINT WARNING * * *
As you read the scroll of teleportation, it crumbles to dust.
You feel strangely unstable.
You hear the slow hiss of an avalanche of sand very nearby.
Something hits you.
You die...

#.#.#.#.#.# .#
#.........# .#
##.#.#.#.#.## .#####
#...........# #.....#
#..#.#.#.#..# .......
...........#####.#.)...
#.###.......#....>..####
#....<....@.).......[...
#...........#####)#..~..
.......#......# ..) ...
.####.##......# #.... .
#. ##..##.# ...... #.
#..##.# #..~.. # #..##.#
..... #..##.# .#### #..
#.#


There were no monsters in sight!

Vanquished Creatures
  An orc priest (D:4)
  3 adders (D:2)
  A worm (D:3)
  3 dart slugs
  3 orcs (D:4)
  4 ball pythons
  6 endoplasms
  A giant cockroach (D:2)
  6 goblins
  7 hobgoblins
  3 jackals (D:2)
  4 quokkas
  5 bats
  9 frilled lizards
  9 kobolds
  3 rats (D:2)
68 creatures vanquished.

Notes
Turn   | Place    | Note
-------+----------+-------------------------------------------
     0 | D:1      | Nerdsrcool the Draconian Conjurer began the quest for the
                  | Orb.
     0 | D:1      | Reached XP level 1. HP: 14/14 MP: 3/3
   235 | D:1      | Reached XP level 2. HP: 20/20 MP: 3/5
  1366 | D:2      | Reached XP level 3. HP: 26/26 MP: 3/6
  1938 | D:2      | Found the +3 hat of Pondering {ponderous, Will+ MP+10
                  | Int+5}
  1955 | D:2      | Reached XP level 4. HP: 32/33 MP: 7/7
  2846 | D:3      | Found an opulent altar of Gozag.
  2922 | D:3      | Found a faded altar of an unknown god.
  3851 | D:4      | Reached skill level 5 in Conjurations
  3884 | D:4      | Reached XP level 5. HP: 6/38 MP: 9/9
  3887 | D:4      | Slain by an orc wizard

Illustrated notes

Levels and vault maps discovered:
D:1:      saegor_arrival_simple_d, layout_loops_ring, hex_tiny
D:2:      layout_rooms, roderic_lattice_a, minmay_divided_ellipse
D:3:      layout_basic, grunt_gozag_statues, ebering_ecumenical_altar_abandoned
D:4:      cheibrodos_pilgrimage, layout_loops_ring, minmay_temple_entry_tees,
          nicolae_ossuary_entry_ruins, serial_glass, glass_columns_c,
          glass_columns_c, minmay_misc_feat_secret_circle

Skill      XL: |  1  2  3  4 |
---------------+-------------+-----
Stealth        | 2 |  2.4
Dodging        | 2 |  2.1
Conjurations   | 5 |  5.1
Fighting       | |  0.1
Short Blades   | |  0.8
Unarmed Combat | |  0.2
Spellcasting   | |  2.9

Action                   |  1- 3 |  4- 6 || total
-------------------------+-------+-------++-------
Melee: Unarmed           |    13 |       ||    13
       Dagger            |    27 |    11 ||    38
       Tailslap          |     4 |     2 ||     6
 Cast: Magic Dart        |    74 |    52 ||   126
  Use: Scroll            |     5 |     5 ||    10
       Potion            |     4 |     3 ||     7
 Stab: Sleeping          |     1 |       ||     1
Armor: Skin              |    20 |     9 ||    29
Dodge: Dodged            |    24 |     6 ||    30
Block: Other             |       |     5 ||     5
       Reflection        |       |     1 ||     1
